 Dungeon Crawl Stone Soup version 0.31.0-32-g396128a36d (webtiles) character file.

Game seed: 12241656666897740153

30 601d51SH the Trooper (level 3, -4/33 HPs)
             Began as a Hill Orc Fighter on Apr 2, 2024.
             Constricted to death by Ijyb (6 damage)
             ... on level 1 of the Dungeon.
             The game lasted 00:02:00 (875 turns).

601d51SH the Trooper (Hill Orc Fighter)              Turns: 875, Time: 00:02:00

Health: -4/33      AC:  7    Str: 20    XL:     3   Next: 18%
Magic:  3/3        EV:  6    Int:  8    God:
Gold:   68         SH:  4    Dex: 10    Spells: 2/2 levels left

rFire   . . .        a - +0 war axe
rCold   . . .        c - +0 buckler
rNeg    . . .        b - +0 scale mail
rPois   .            (no helmet)
rElec   .            (no cloak)
rCorr   .            (no gloves)
SInv    .            (no boots)
Will    .....        (no amulet) Stlth
                     (no ring)
HPRegen 0.25/turn    (no ring)
MPRegen 0.08/turn

%: no passive effects
@: grasped by roots, constricted
A: no striking features
a: no special abilities


You were on level 1 of the Dungeon.
You visited 1 branch of the dungeon, and saw 2 of its levels.

You collected 68 gold pieces.

Inventory:

Hand Weapons
 a - a +0 war axe (weapon)
 f - a +0 dagger of venom
Missiles
 e - 5 poisoned darts (quivered)
Armour
 b - a +0 scale mail (worn)
 c - a +0 buckler (worn)
Scrolls
 h - a scroll of identify {unknown}
 i - a scroll of blinking {unknown}
 j - a scroll of revelation {unknown}
Potions
 d - 2 potions of might
 g - a potion of heal wounds {unknown}
 k - a potion of curing {unknown}


   Skills:
 + Level 3.8 Fighting
 + Level 3.1 Axes
 * Level 0.6 Throwing
 + Level 3.8 Armour
 + Level 0.2 Dodging
 + Level 3.5 Shields


You had 2 spell levels left.
You didn't know any spells.
Your spell library was empty.

Dungeon Overview and Level Annotations

Branches:
Dungeon (2/15)

Altars:

Annotations:
D:1 Ijyb


Message History

Ijyb is unaffected.
The goblin is unaffected. x2; The hobgoblin is unaffected.
The goblin is unaffected.
The grasping roots constrict you.
The hobgoblin hits you but does no damage.
The goblin barely misses you. The goblin hits you with a +0 club.
You hit Ijyb.
Ijyb is moderately wounded.
You closely miss the goblin. You barely miss the goblin. You hit the hobgoblin.
You barely miss the goblin. The goblin hits you but does no damage.
Ijyb hits you with a +6 club. The grasping roots constrict you!
A goblin comes into view. It is wielding a +0 dagger.
The goblin hits you but does no damage. The hobgoblin hits you.
You block the goblin's attack.
You escape the roots grasp.
The goblin closely misses you. You block Ijyb's attack.
The goblin hits you with a +0 club. You block the hobgoblin's attack.
The goblin hits you but does no damage.
You climb upwards.
There is a stone staircase leading down here.
You hit Ijyb.
Ijyb is moderately wounded.
You barely miss the goblin. You hit the hobgoblin.
You kill the hobgoblin!
You closely miss the goblin. You hit the goblin.
The goblin hits you but does no damage. You block Ijyb's attack.
The goblin closely misses you. The goblin hits you but does no damage.
The goblin barely misses you.
You closely miss Ijyb.
Ijyb is moderately wounded.
You barely miss the goblin. You hit the goblin. You barely miss the goblin.
Ijyb zaps a wand.
The roots erupt in riotous growth!
The grasping roots grab you!
Ijyb is unaffected.
The goblin is unaffected. x3
The grasping roots constrict you.
* * * LOW HITPOINT WARNING * * *
You block the goblin's attack. The goblin hits you but does no damage.
You block the goblin's attack. The goblin hits you with a +0 club.
* * * LOW HITPOINT WARNING * * *
Ijyb hits you with a +6 club.
* * * LOW HITPOINT WARNING * * *
The grasping roots constrict you.
You die...

##.#.#.#.#.###....# #
#...........##....#
##.#.#.#.#.#......#
#.............#######
##.#.#.#.#.#.........
#....................
###.#.#.#.#.#.........
#...ggg...............
#.#.#@#.#.#.#.........
#...†g[...)..........#
#.#.#.#.#.#.###......#
#..............[......
#.#.#.#.#.#.###......#
#.............########
#.#.#.#.#.#.#.#
#.##..........#
#.............# ##


You could see Ijyb and 3 goblins.

Vanquished Creatures
  A ribbon worm (D:2)
  4 endoplasms (D:2)
  5 goblins
  3 hobgoblins (D:1)
  4 ball pythons
  4 bats
  A frilled lizard (D:1)
  A kobold (D:1)
  4 rats
27 creatures vanquished.

Notes
Turn   | Place    | Note
-------+----------+-------------------------------------------
     0 | D:1      | 601d51SH the Hill Orc Fighter began the quest for the Orb.
     0 | D:1      | Reached XP level 1. HP: 19/19 MP: 1/1
   466 | D:1      | Reached XP level 2. HP: 25/27 MP: 2/2
   840 | D:2      | Noticed Ijyb
   857 | D:1      | Reached XP level 3. HP: 32/33 MP: 3/3
   875 | D:1      | Constricted to death by Ijyb

Illustrated notes

Levels and vault maps discovered:
D:1:      grunt_arrival_lava_bath, layout_basic, st_stairs_11,
          roderic_filled_cross, minivault_11
D:2:      kennysheep_the_goblin_king, layout_rooms, basic_altar

Skill      XL: |  1  2 |
---------------+-------+-----
Axes           | 3 |  3.1
Fighting       | |  3.8
Throwing       | |  0.6
Armour         | |  3.8
Dodging        | |  0.2
Shields        | |  3.5

Action                     || total
---------------------------++-------
  Melee: War axe           ||    71
 Armour: Scale mail        ||    74
  Dodge: Dodged            ||    55
  Block: Buckler           ||    29
